 Dungeon Crawl Stone Soup version 0.13.1-27-ga479965 (webtiles) character file.

3089 Chiseanne the Archer (level 9, -2/70 HPs)
             Began as a Centaur Hunter on Feb 5, 2014.
             Slain by a killer bee (6 damage)
             ... on Level 7 of the Dungeon.
             The game lasted 00:34:00 (11945 turns).

Chiseanne the Archer (Centaur Hunter)              Turns: 11945, Time: 00:34:00

HP  -2/70        AC  6     Str 19      XL: 9   Next: 55%
MP   6/6         EV 12     Int 10      God:
Gold 77          SH  9     Dex 17      Spells:  0 memorised,  8 levels left

Res.Fire  : . . .   See Invis. : .   w - +3,+2 bow
Res.Cold  : . . .   Warding    : .   r - +1 robe {MR+}
Life Prot.: . . .   Conserve   : .   l - +0 dwarf buckler (curse)
Res.Poison: .       Res.Corr.  : +   k - -4 helmet of Kleptomania {Str+4 Dex+4}
Res.Elec. : .       Clarity    : .   z - +1 cloak
Sust.Abil.: . .     Spirit.Shd : .   q - +1 pair of gloves
Res.Mut.  : .       Stasis     : .   (no barding)
Res.Rott. : .       Flight     : .   o - amulet of resist corrosion
Saprovore : . . .                    (no ring)
                                     (no ring)

@: about to teleport, mildly poisoned, very quick, somewhat resistant to hostile
enchantments, unstealthy
A: hooves 3, deformed body, herbivore 1, speed 2, fast metabolism 1, tough skin
3
a: no special abilities


You were on level 7 of the Dungeon.
You were hungry.

You visited 2 branches of the dungeon, and saw 9 of its levels.

You collected 303 gold pieces.
You spent 246 gold pieces at shops.

Inventory:

Hand weapons
 a - a +0,+1 short sword of protection
 i - a +0 blowgun
 n - a +0,+2 orcish hand axe of chopping
 v - a +1,+1 whip of flaming
 w - a +3,+2 bow (weapon)
 x - a +4,+4 quarterstaff of chaos
Missiles
 c - 20 arrows (quivered)
 d - 74 poisoned needles
 e - 24 arrows of flame
 p - 27 bolts
Armour
 k - the -4 helmet of Kleptomania (worn) {Str+4 Dex+4}
   (You found it on level 5 of the Dungeon)

   It affects your strength (+4).
   It affects your dexterity (+4).
 l - a cursed +0 dwarven buckler (worn)
 q - a +1 pair of gloves (worn)
 r - a +1 robe of magic resistance (worn)
 z - a +1 cloak (worn)
Magical devices
 g - a wand of digging (14)
 s - a wand of magic darts (4)
Comestibles
 f - 8 bread rations
 t - a royal jelly
Scrolls
 j - a scroll of teleportation
 m - 6 scrolls of identify
Jewellery
 h - an uncursed ring of wizardry
 o - an amulet of resist corrosion (around neck)
 u - an uncursed amulet of clarity {unknown}
 A - an uncursed amulet of guardian spirit {unknown}
Potions
 b - a potion of curing


   Skills:
 * Level 4.2 Fighting
 * Level 13.3 Bows
 * Level 3.4 Armour
 * Level 4.6 Dodging
 - Level 0.5 Stealth
 * Level 1.3 Shields


You had 8 spell levels left.
You didn't know any spells.

Dungeon Overview and Level Annotations

Branches:
Dungeon (8/27)             Temple (1/1) D:4
    Orc: D:6-11        Lair: D:8-13

Altars:
Ashenzari
Cheibriados
Elyvilon
Fedhas
Kikubaaqudgha
Makhleb
Nemelex Xobeh
Sif Muna
Trog
Xom
Yredelemnul
Zin
the Shining One

Shops:
D:4 %%[

Annotations:
D:4 teukkam's ghost, experienced TrMo
D:6 Chiseanne's ghost, experienced CeHu


Innate Abilities, Weirdness & Mutations

You have hooves in place of feet.
Armour fits poorly on your strangely shaped body.
You digest meat inefficiently.
You cover ground very quickly.
You have a fast metabolism.
You have extremely tough skin (AC +3).


Message History

The killer bee stings you.
The killer bee stings you but does no damage.
The killer bee barely misses you. The killer bee stings you.
The killer bee closely misses you.
Firing (i - inventory. (,) - cycle):
c - 21 arrows (quivered)
Press: ? - help, Shift-Dir - straight line, f/p - killer bee
Aim: a killer bee (heavily wounded)
You shoot an arrow. The arrow hits the killer bee.
The killer bee is severely wounded.
The killer bee stings you!
* * * LOW HITPOINT WARNING * * *
The killer bee closely misses you. The killer bee stings you!
* * * LOW HITPOINT WARNING * * *
The killer bee closely misses you. The killer bee stings you.
* * * LOW HITPOINT WARNING * * *
The killer bee misses you. The killer bee barely misses you.
The killer bee closely misses you. You block the killer bee's attack.
The killer bee stings you.
You die...

#............................
#.....#############.[...#####
#.....# #.....# #.....#
#.....# #.....# #.....#
#.....# #.....# #.....#
#.....#
#.....#############.....#
#...........@...........#####
#..........kkk...............
#......####.....#######......
#......#.>(....(#.....#......
#.....)#k.#.....#.....#......
#......#..#...(.#.....#......
#......#..#.....###'###......
#......#..#.....%............
#......#..#....#############.


You could see 3 killer bees.

Vanquished Creatures
  Pikel (D:5)
  An orc warrior (D:7)
  2 giant goldfish (D:6)
  An ogre (D:4)
  3 slaves
  An ice beast (D:7)
  2 centaurs
  A big kobold (D:5)
  A giant frog (D:6)
  A manticore skeleton (D:8)
  A yak skeleton (D:7)
  7 jellyfish (D:6)
  3 crimson imps
  3 electric eels (D:6)
  4 hounds
  3 jellies
  3 big fish (D:6)
  Crazy Yiuf (D:5)
  3 iguanas
  3 orc wizards (D:7)
  2 orc priests (D:7)
  5 worker ants
  An ogre zombie (D:6)
  A hound zombie (D:7)
  A hound skeleton (D:7)
  14 adders
  3 gnolls (D:2)
  3 worms
  An adder skeleton (D:6)
  3 giant geckos
  An ooze (D:7)
  22 orcs
  A ball python (D:3)
  15 bats
  14 goblins
  12 hobgoblins
  17 jackals
  6 giant cockroaches
  4 giant newts
  2 giant spores
  A hobgoblin zombie (D:5)
  A jackal skeleton (D:7)
  14 kobolds
  5 quokkas
  8 rats
  2 ballistomycetes (D:7)
  3 plants (D:6)
207 creatures vanquished.

Vanquished Creatures (others)
  A plant (D:5)
1 creature vanquished.

Grand Total: 208 creatures vanquished

Notes
Turn   | Place    | Note
--------------------------------------------------------------
     0 | D:1      | Chiseanne, the Centaur Hunter, began the quest for the Orb.
     0 | D:1      | Reached XP level 1. HP: 17/17 MP: 0/0
   116 | D:1      | Reached XP level 2. HP: 24/24 MP: 1/1
   298 | D:1      | Reached skill level 6 in Bows
   716 | D:2      | Reached XP level 3. HP: 20/29 MP: 2/2
   918 | D:2      | Reached skill level 7 in Bows
   918 | D:2      | Reached XP level 4. HP: 2/36 MP: 2/2
  1787 | D:3      | HP: 1/36 [orc/orcish short sword (6)]
  2138 | D:3      | Reached skill level 1 in Armour
  2177 | D:3      | Reached XP level 5. HP: 41/41 MP: 3/3
  2799 | D:4      | Found a staircase to the Ecumenical Temple.
  2802 | D:4      | Noticed teukkam's ghost (experienced TrMo)
  2821 | D:3      | Reached skill level 8 in Bows
  2964 | D:4      | Noticed an ogre
  2993 | D:4      | Found Laphots' Food Shop.
  3079 | D:4      | Killed an ogre
  3079 | D:4      | Reached XP level 6. HP: 22/49 MP: 4/4
  3117 | D:4      | Bought a pear for 9 gold pieces
  3117 | D:4      | Bought a bread ration for 48 gold pieces
  3117 | D:4      | Bought a slice of pizza for 21 gold pieces
  3117 | D:4      | Bought a bread ration for 48 gold pieces
  3117 | D:4      | Bought a choko for 4 gold pieces
  3117 | D:4      | Bought a bread ration for 48 gold pieces
  3268 | Temple   | Entered the Ecumenical Temple
  3760 | D:4      | Noticed a centaur
  3771 | D:4      | Killed a centaur
  3958 | D:4      | Found Anafuim's Antique Armour Shoppe.
  3967 | D:4      | Bought an embroidered robe for 16 gold pieces
  4079 | D:4      | Found Thrugonk's Food Shoppe.
  4148 | D:5      | Entered Level 5 of the Dungeon
  4648 | D:4      | Reached skill level 9 in Bows
  4767 | D:5      | Reached XP level 7. HP: 53/56 MP: 4/4
  5258 | D:5      | Noticed Pikel
  5326 | D:5      | Killed Pikel
  5326 | D:5      | Reached skill level 10 in Bows
  5326 | D:5      | Reached XP level 8. HP: 47/63 MP: 5/5
  5589 | D:5      | Noticed Crazy Yiuf
  5617 | D:5      | Killed Crazy Yiuf
  5645 | D:5      | Got a heavily runed helmet
  5652 | D:5      | Identified the cursed -4 helmet of Kleptomania {Str+4 Dex+4} (You found it on level 5 of the Dungeon)
  5971 | D:4      | Bought a pair of gloves for 28 gold pieces
  5974 | D:4      | Bought a cloak for 24 gold pieces
  6087 | D:6      | Reached skill level 11 in Bows
  6473 | D:6      | Found a snail-covered altar of Cheibriados.
  7544 | D:6      | Reached skill level 12 in Bows
  7578 | D:6      | Noticed Chiseanne's ghost (experienced CeHu)
  8730 | D:6      | Reached XP level 9. HP: 66/70 MP: 6/6
 11130 | D:7      | Reached skill level 1 in Shields
 11538 | D:7      | Reached skill level 13 in Bows
 11945 | D:7      | Slain by a killer bee

Action                   |  1- 3 |  4- 6 |  7- 9 || total
-------------------------+-------+-------+-------++-------
Melee: Short sword       |       |    10 |    70 ||    80
 Fire: Bow               |    73 |   198 |   379 ||   650
Evoke: Wand              |       |       |     2 ||     2
  Use: Scroll            |     5 |    10 |     8 ||    23
       Potion            |       |     4 |     3 ||     7
